Map: [ESL] Crimson Court

Players

Coffee - Winner!

  • Race: Terran Terran
  • Spawn Location: 7:00

Nice

  • Race: Protoss Protoss
  • Spawn Location: 1:00

Event: ESL SC2 Masters 2024 Spring (Regional)

VOD

Have the link to the VOD?

Description

Time

  • Played on: April 28, 2024, 7:05 a.m.
  • Length: 8:04

All games in this series

Show
View Real Time Build Order
Export as new Build Order

Coffee Terran - Winner!

Build Orders: Cyclone Opening, Reaper Expand 

Get SALT Encoding   

  12  0:00  SCV  
  13  0:12  SCV  
  14  0:16  Supply Depot  
  14  0:24  SCV  
  15  0:38  SCV  
  15  0:40  Barracks  
  15  0:42  Refinery  
  16  0:50  SCV  
  17  1:02  SCV  
  18  1:14  SCV  
  19  1:27  Orbital Command, Reaper  
  20  1:39  Command Center  
  20  1:46  Supply Depot  
  20  1:53  SCV  
  21  1:59  Marine  
  22  2:05  SCV  
  22  2:07  Factory  
  23  2:17  Marine, SCV  
  25  2:25  Barracks  
  25  2:29  SCV  
  26  2:31  Refinery  
  26  2:36  Marine  
  27  2:41  SCV  
  28  2:50  Cyclone  
  30  2:52  Barracks  
  30  2:55  Orbital Command  
  30  3:00  SCV  
  30  3:05  Barracks Reactor  
  31  3:13  Barracks Tech Lab, SCV  
  32  3:21  SCV  
  32  3:22  Supply Depot  
  32  3:24  Factory Tech Lab  
  33  3:27  SCV  
  33  3:31  Stimpack  
  33  3:32  Marine  
  35  3:35  SCV  
  35  3:39  Barracks Tech Lab, SCV  
  37  3:42  Siege Tank  
  37  3:43  Marine x2  
  42  3:49  SCV  
  42  3:51  SCV  
  43  3:59  Marine x2  
  43  4:01  SCV  
  46  4:03  SCV  
  46  4:04  Supply Depot  
  47  4:13  SCV  
  47  4:15  Supply Depot, Siege Tank, SCV  
  52  4:23  Marine x2  
  54  4:25  Marine x2, SCV  
  54  4:36  SCV  
  54  4:38  Engineering Bay, SCV  
  53  4:43  Refinery  
  53  4:44  Marine x2  
  53  4:45  Marine x2  
  57  4:48  SCV  
  57  4:50  Starport, SCV  
  59  4:58  Factory Reactor  
  59  4:59  Combat Shield  
  59  5:00  SCV  
  59  5:02  Marine x3, SCV  
  59  5:03  Supply Depot  
  59  5:05  Missile Turret x2  
  64  5:09  Terran Infantry Weapons Level 1  
  63  5:15  Marine  
  63  5:17  SCV x2  
  63  5:20  Marine x3  
  69  5:29  Barracks  
  69  5:30  Barracks  
  69  5:32  Refinery  
  69  5:33  Supply Depot  
  69  5:40  Marine x4  
  73  5:47  Supply Depot  
  73  5:50  SCV  
  73  5:51  SCV  
  73  5:56  Siege Tank  
  73  5:57  Supply Depot  
  77  5:58  Medivac x2  
  77  6:00  Marine  
  77  6:01  Marine x2  
  77  6:02  Marine  
  85  6:17  Marine x2  
  87  6:18  Marine x2  
  87  6:19  Marine  
  87  6:20  Marine  
  87  6:21  Supply Depot  
  91  6:28  Siege Tank  
  91  6:30  Medivac x2  
  98  6:38  SCV x2  
  100  6:40  Marine x2  
  101  6:49  Marine x4  
  105  6:58  Marine x2  
  107  7:07  Marine x3  
  110  7:15  Marine  
  110  7:17  Marine x2  
  82  7:24  Marine  
  82  7:25  Marine x2  
  64  7:33  Marine  
  64  7:34  SCV x2  
  64  7:35  Marine x2  
  69  7:42  Marine  
  68  7:50  SCV x2  
Show
View Real Time Build Order
Export as new Build Order

Nice Protoss 

Build Orders: 1 Gate Expand, Oracle Opening 

Get SALT Encoding   

  12  0:00  Probe  
  13  0:12  Probe  
  14  0:17  Pylon  
  14  0:24  Probe (Chrono Boost)  
  16  0:36  Probe (Chrono Boost), Gateway  
  16  0:42  Probe  
  16  0:47  Assimilator  
  17  0:54  Probe  
  18  1:06  Probe  
  19  1:18  Probe  
  20  1:23  Cybernetics Core  
  20  1:36  Nexus  
  20  1:39  Pylon  
  20  1:45  Assimilator  
  20  1:48  Probe  
  21  1:56  Adept (Chrono Boost)  
  21  2:00  Probe  
  24  2:05  Shield Battery  
  24  2:12  Probe  
  25  2:20  Stargate  
  25  2:24  Probe  
  25  2:27  Stalker (Chrono Boost)  
  28  2:38  Warp Gate  
  28  2:39  Probe  
  29  2:49  Probe  
  29  2:51  Probe  
  31  3:01  Probe, Oracle (Chrono Boost)  
  31  3:03  Probe  
  34  3:09  Pylon  
  34  3:13  Probe  
  34  3:15  Probe  
  36  3:25  Probe  
  37  3:27  Probe  
  37  3:32  Oracle (Chrono Boost)  
  41  3:37  Probe  
  41  3:40  Gateway  
  42  3:42  Gateway  
  42  3:45  Probe  
  43  3:49  Probe  
  44  3:57  Probe  
  44  4:00  Twilight Council  
  44  4:02  Probe  
  45  4:06  Assimilator  
  45  4:09  Probe (Chrono Boost)  
  46  4:14  Probe (Chrono Boost)  
  46  4:16  Pylon  
  47  4:19  Oracle  
  47  4:21  Probe (Chrono Boost)  
  51  4:25  Probe (Chrono Boost)  
  51  4:27  Probe (Chrono Boost)  
  51  4:29  Probe (Chrono Boost)  
  53  4:33  Charge (Chrono Boost)  
  53  4:35  Probe  
  54  4:44  Nexus, Pylon  
  55  4:47  Probe  
  55  4:51  Gateway  
  55  4:57  Oracle (Chrono Boost)  
  58  5:08  Zealot x3  
  58  5:12  Gateway  
  58  5:14  Gateway  
  64  5:22  Shield Battery  
  64  5:28  Pylon  
  64  5:29  Zealot  
  64  5:31  Zealot  
  64  5:35  Zealot  
  70  5:40  Pylon  
  70  5:45  Oracle (Chrono Boost), Pylon  
  73  5:58  Zealot x3  
  73  6:01  Probe x3  
  82  6:11  Oracle (Chrono Boost), Robotics Facility  
  82  6:12  Pylon  
  82  6:23  Zealot x4  
  82  6:24  Probe  
  82  6:25  Probe  
  92  6:26  Probe  
  93  6:39  Oracle (Chrono Boost)  
  94  6:49  Zealot x4  
  94  6:50  Zealot x2  
  104  6:59  Immortal (Chrono Boost)  
  108  7:10  Zealot x4  
  116  7:17  Zealot x2  
  116  7:22  Oracle  
  60  7:30  Zealot x3  
  60  7:32  Shield Battery  
  60  7:36  Immortal (Chrono Boost)  
  65  7:40  Zealot x2  
  61  7:51  Zealot  
  61  7:52  Zealot x2  
Tags
 
Add a new tag
Caveats
  • Supply blocks, unpowered buildings, or Contaminate may cause inaccurate times.
  • Supply counts are checked every 10 seconds.